 Dungeon Crawl Stone Soup version 0.25-a0-185-g6cfeca75b2 (webtiles) character file.

Game seed: 13193900052803560525, levelgen mode: deterministic

205 Leeroy the Conjurer (level 5, -5/38 HPs)
             Began as a Draconian Conjurer on Nov 27, 2019.
             Slain by a hippogriff (6 damage)
             ... on level 4 of the Dungeon.
             The game lasted 00:04:37 (3666 turns).

Leeroy the Conjurer (Draconian Conjurer)            Turns: 3666, Time: 00:04:37

Health: -5/38      AC:  5    Str: 11    XL:     5   Next: 53%
Magic:  5/8        EV: 12    Int: 16    God:
Gold:   166        SH:  0    Dex: 11    Spells: 5/8 levels left

rFire    . . .     SeeInvis .   i - +2 hand axe (venom)
rCold    . . .     Gourm    .   (no shield)
rNeg     . . .     Faith    .   (armour unavailable)
rPois    .         Spirit   .   (helmet restricted)
rElec    .         Reflect  .   (no cloak)
rCorr    .         Harm     .   (no gloves)
MR       .....                  (no boots)
Stlth    ++........             (no amulet)
HPRegen  0.12/turn              (no ring)
MPRegen  0.11/turn              (no ring)

@: no status effects
A: unfitting armour, cold-blooded, AC +5
a: no special abilities


You were on level 4 of the Dungeon.
You were not hungry.

You visited 1 branch of the dungeon, and saw 4 of its levels.

You collected 166 gold pieces.

Inventory:

Hand Weapons
 g - a +0 spear
 h - a +0 dagger
 i - a +2 hand axe of venom (weapon)
 v - a cursed -2 falchion
 w - a +0 great sword
Missiles
 d - 14 poisoned darts (quivered)
Jewellery
 q - an uncursed ring of poison resistance {unknown}
Scrolls
 a - 3 scrolls of teleportation {unknown}
 e - 5 scrolls of remove curse {unknown}
 f - 3 scrolls of fear {unknown}
 k - 2 scrolls of identify {unknown}
 l - a scroll of random uselessness {unknown}
 m - a scroll of immolation {unknown}
 o - a scroll of enchant armour {unknown}
 r - a scroll of magic mapping {unknown}
 s - 2 scrolls of amnesia {unknown}
Potions
 c - a potion of magic {unknown}
 j - a potion of invisibility {unknown}
 n - a potion of might {unknown}
 p - 2 potions of heal wounds {unknown}
 t - a potion of curing {unknown}
 u - a potion of degeneration {unknown}
Comestibles
 b - 7 rations
 x - 2 chunks of flesh


   Skills:
 - Level 1.7 Dodging
 - Level 1.7 Stealth
 - Level 2.0 Spellcasting
 + Level 6.9 Conjurations


You had 5 spell levels left.
You knew the following spells:

 Your Spells              Type           Power        Failure   Level  Hunger
a - Magic Dart            Conj           ###.         1%          1    #......
b - Searing Ray           Conj           ###...       1%          2    ###....

Your spell library contained the following spells:

 Spells                   Type           Power        Failure   Level  Hunger
 Iskenderun's Mystic Bla  Conj           ###.....     12%         4    #####..
 Dazzling Spray           Conj/Hex       ##....       16%         3    ###....
 Force Lance              Conj/Tloc      ##......     45%         4    #####..
 Fulminant Prism          Conj/Hex       ##........   45%         4    #####..


Dungeon Overview and Level Annotations

Branches:
Dungeon (4/15)
 Temple: D:4-7

Altars:
Trog
Yredelemnul


Innate Abilities, Weirdness & Mutations

Your plain brown scales are hard. (AC +5)
You cannot fit into any form of body armour.
You are cold-blooded and may be slowed by cold attacks.


Message History

The hippogriff claws you! The hippogriff bites you!
* * * LOW HITPOINT WARNING * * *
The hippogriff pecks you.
* * * LOW HITPOINT WARNING * * *
The hippogriff claws you but does no damage.
Casting: Searing Ray (safe; 1% risk of failure)
Confirm with . or Enter, or press ? or * to list all spells.
Aiming: Searing Ray (safe; 1% risk of failure)
Press: ? - help, Shift-Dir - straight line, f - hippogriff
Aim: a hippogriff (moderately wounded)
The searing ray hits the hippogriff.
The hippogriff is moderately wounded. (Press . to maintain the ray.)
The hippogriff closely misses you.
The hippogriff pecks you but does no damage.
The hippogriff claws you but does no damage.
The searing ray hits the hippogriff.
The hippogriff is moderately wounded.
The hippogriff bites you.
You die...

...# ....# .#....#
......#
#.##########.....#
#..........#.....#
#######..........#
#.@H<.........#
#.####.#...########
.....[..............
#.########.#..####.#
#.###### #.#..# #.#
# #....###.#..## #.#
#.....<......###.##
#..................
#......)...........


You could see a hippogriff.

Vanquished Creatures
  A crimson imp (D:3)
  A hound (D:4)
  4 adders
  3 worms
  A dart slug (D:2)
  6 leopard geckos
  9 orcs
  9 bats
  3 giant cockroaches
  8 hobgoblins
  2 jackals (D:1)
  2 ball pythons (D:2)
  5 frilled lizards
  8 goblins
  5 kobolds
  17 rats
84 creatures vanquished.

Vanquished Creatures (others)
  A bat (D:3)
1 creature vanquished.

Grand Total: 85 creatures vanquished

Notes
Turn   | Place    | Note
-------+----------+-------------------------------------------
     0 | D:1      | Leeroy the Draconian Conjurer began the quest for the Orb.
     0 | D:1      | Reached XP level 1. HP: 14/14 MP: 3/3
   390 | D:1      | Reached XP level 2. HP: 9/20 MP: 3/5
   400 | D:1      | Learned a level 2 spell: Searing Ray
   962 | D:2      | Reached skill level 5 in Conjurations
  1017 | D:2      | Reached XP level 3. HP: 16/26 MP: 6/6
  1997 | D:2      | Reached XP level 4. HP: 33/33 MP: 7/7
  2300 | D:3      | Found a basalt altar of Yredelemnul.
  2599 | D:3      | Reached skill level 6 in Conjurations
  2662 | D:3      | Reached XP level 5. HP: 21/38 MP: 8/8
  3089 | D:3      | Noticed a moth of wrath
  3092 | D:3      | Found a bloodstained altar of Trog.
  3636 | D:4      | Noticed a hippogriff
  3662 | D:4      | HP: 1/38 [hippogriff (2)]
  3666 | D:4      | Slain by a hippogriff

Levels and vault maps discovered:
D:1:      tarquinn_simple_flora_water_f, layout_rooms
D:2:      layout_basic, minmay_rat_gold_closets
D:3:      layout_basic, nicolae_overflow_crystal_walls, tgw_trog, first_ration
D:4:      layout_basic, minitemple, serial_shops, shop, bloody_makhleb,
          uniq_menkaure, uniq_grinder

Skill      XL: |  1  2  3  4 |
---------------+-------------+-----
Conjurations   | 5 6 |  6.9
Dodging        | |  1.7
Stealth        | |  1.7
Spellcasting   | |  2.0

Action                   |  1- 3 |  4- 6 || total
-------------------------+-------+-------++-------
Melee: Unarmed           |    36 |       ||    36
       Tailslap          |     8 |     9 ||    17
       Hand axe          |    61 |   103 ||   164
       Spear             |    14 |       ||    14
 Cast: Magic Dart        |     5 |       ||     5
       Searing Ray       |     2 |     1 ||     3
 Stab: Sleeping          |     8 |     1 ||     9
       Distracted        |       |     1 ||     1
  Eat: Chunk             |     4 |     5 ||     9
Armor: Skin              |    45 |    45 ||    90
Dodge: Dodged            |    87 |    85 ||   172

Table legend:
 A = Non-vault XP
 B = Vault XP
 C = Vault XP percentage of total XP
 D = Non-vault monster count
 E = Vault monster count
 F = Vault count percentage of total count
                 A         B        C        D         E       F
            +---------+---------+-------+---------+---------+-------
      Total |     276 |      18 |   6.1 |      70 |      14 |  16.7
            +---------+---------+-------+---------+---------+-------
        D:1 |      31 |       0 |   0.0 |      19 |       0 |   0.0
        D:2 |      59 |       9 |  13.2 |      18 |       9 |  33.3
        D:3 |     137 |       9 |   6.2 |      29 |       5 |  14.7
        D:4 |      49 |       0 |   0.0 |       4 |       0 |   0.0
            +---------+---------+-------+---------+---------+-------
